 Dungeon Crawl Stone Soup version 0.28.0-53-g5a82cb258f (webtiles) character file.

Game seed: 3809859397767611728

5520 Gabide the Fighter (level 10, -4/92 HPs)
             Began as a Barachi Hunter on June 18, 2022.
             Was an Initiate of Gozag.
             Slain by a hornet (10 damage)
             ... while paralysed by a hornet
             ... on level 8 of the Dungeon.
             The game lasted 00:30:18 (12877 turns).

Gabide the Fighter (Barachi Hunter)                Turns: 12877, Time: 00:30:21

Health: -4/92      AC:  9    Str: 12    XL:     10   Next: 70%
Magic:  3/3        EV:  2    Int: 13    God:    Gozag
Gold:   1097       SH:  0    Dex: 20    Spells: 9/9 levels left

rFire   . . .      SeeInvis .   o - +6 dagger "Pasut" {antimagic, Will+ Str-3 Int+2 Dex+4}
rCold   + . .      Faith    .   (no shield)
rNeg    . . .      Spirit   .   p - +2 leather armour {rC+}
rPois   .          Reflect  .   (no helmet)
rElec   .          Harm     .   m - +0 cloak
rCorr   .          Rampage  .   n - +0 pair of gloves
Will    +....                   r - +1 pair of boots
Stlth   ++........              (no amulet)
HPRegen 0.25/turn               (no ring)
MPRegen 0.08/turn               (no ring)

@: paralysed, lethally poisoned (-4 -> -17), about to teleport, unable to hop,
slowed, slow
A: amphibious, slowness 1, strong legs 1, +LOS, mutation resistance 1, sense
surroundings 1
a: Hop, Renounce Religion, Potion Petition, Call Merchant, Bribe Branch


You were on level 8 of the Dungeon.
You worshipped Gozag.
Gozag was most pleased with you.
You visited 1 branch of the dungeon, and saw 9 of its levels.

You collected 1795 gold pieces.
You spent 343 gold pieces at shops.
You paid 355 gold pieces to Gozag.

Inventory:

Hand Weapons
 a - a +2 hand crossbow
 b - a +1 short sword of electrocution
 o - the +6 dagger "Pasut" (weapon) {antimagic, Will+ Str-3 Int+2 Dex+4}
   (You found it on level 4 of the Dungeon)

   It reduces the magical energy of the wielder, and disrupts the spells and
   magical abilities of those it strikes.
   Natural abilities and divine invocations are not affected.
   Str:       It affects your strength (-3).
   Int:       It affects your intelligence (+2).
   Dex:       It affects your dexterity (+4).
   Will:      It increases your willpower.
 q - a +2 lajatang of pain
Missiles
 d - 37 bolts
Armour
 m - a +0 cloak (worn)
 n - a +0 pair of gloves (worn)
 p - a +2 leather armour of cold resistance (worn)
 r - a +1 pair of boots (worn)
Jewellery
 c - a ring of fire
 w - the ring "Meekuf" {*Slow rC+ rN+ Str+2 Dex+6}
   (You took it off a gnoll on level 5 of the Dungeon)

   [ring of dexterity]

   Str:       It affects your strength (+2).
   Dex:       It affects your dexterity (+6).
   rC:        It protects you from cold.
   rN:        It protects you from negative energy.
   *Slow:     It may slow you when you take damage.
Wands
 y - a wand of digging (6)
Scrolls
 g - a scroll of vulnerability {unknown}
 i - 3 scrolls of magic mapping
 j - 5 scrolls of teleportation
 k - a scroll of identify
 t - a scroll of brand weapon {unknown}
 u - a scroll of blinking {unknown}
 v - 2 scrolls of noise
Potions
 e - a potion of berserk rage
 f - 3 potions of haste
 s - a potion of heal wounds {unknown}
 x - 2 potions of ambrosia
 z - a potion of invisibility {unknown}
 A - a potion of flight {unknown}
 B - a potion of curing


   Skills:
 + Level 13.3 Fighting
 + Level 11.8 Crossbows
 - Level 2.1 Dodging
 - Level 0.8 Stealth


You had 9 spell levels left.
You didn't know any spells.
Your spell library contained the following spells:

 Spells                   Type           Power      Damage    Failure   Level
 Freeze                   Ice            0%         1d3       36%         1
 Sandblast                Erth           0%         2d4       36%         1
 Ensorcelled Hibernation  Hex/Ice        0%         N/A       52%         2
 Passwall                 Tmut/Erth      0%         N/A       52%         2
 Static Discharge         Conj/Air       0%         N/A       52%         2
 Frozen Ramparts          Ice            0%         1d2       75%         3
 Ozocubu's Armour         Ice            0%         N/A       75%         3
 Stone Arrow              Conj/Erth      0%         3d7       75%         3
 Swiftness                Air            0%         N/A       75%         3
 Dispel Undead            Necr           0%         3d6       98%         4
 Hailstorm                Conj/Ice       0%         3d3       98%         4
 Sticky Flame             Conj/Fire      0%         2d3       98%         4
 Ozocubu's Refrigeration  Ice            0%         4d5       100%        7


Dungeon Overview and Level Annotations

Branches:
Dungeon (9/15)             Temple (0/1) D:7            Lair (0/6) D:8
    Orc: D:9-12

Altars:
Ashenzari
Gozag
Makhleb

Shops:
D:7 ?


Innate Abilities, Weirdness & Mutations

You are amphibious.
You cover ground slowly.
You can hop short distances.
You have an extended range of vision and can be seen from far away.
You are somewhat resistant to further mutation.
You passively map a small area around you.


Message History

You feel sick.
Fire: 38 bolts
Press: ? - help, Q - select action, (/) - cycle Shift-Dir - straight line, f/p - hornet
Aim: a hornet (lightly wounded, 65% to hit)
You shoot a bolt.
The bolt hits the hornet but does no damage.
The hornet is lightly wounded.
You feel sick. The hornet stings you.
* * * LOW HITPOINT WARNING * * *
You feel as though you will be slow longer.
Do you really want to go berserk while wielding your +2 hand crossbow?
Okay, then.
You feel weaker.
You feel clever.
You feel agile.
You feel magic leave you.
o - the +6 dagger "Pasut" (weapon)
{antimagic, Will+ Str-3 Int+2 Dex+4} The hornet stings you.
* * * LOW HITPOINT WARNING * * *
You are more poisoned.
You feel as though you will be slow longer.
The hornet stings you but does no damage.
Okay, then.
Unknown command.
As you read the scroll of teleportation, it crumbles to dust.
You feel strangely unstable.
You feel very sick.
The hornet stings you but does no damage.
The hornet stings you.
* * * LOW HITPOINT WARNING * * *
You are lethally poisoned!
You feel as though you will be slow longer.
Okay, then.
Unknown command.
* * * LOW HITPOINT WARNING * * *
You feel extremely sick. The hornet stings you.
* * * LOW HITPOINT WARNING * * *
You suddenly lose the ability to move!
The hornet stings you!
You die...
Your body crumbles into a pile of gold.

................##.......#....##
................##..>....##..##
..)...<.........###..)!.######
.................).(....#
.........#..>.....)(.#..#
.................(...####
........(............##
...<............y.....##
..............).@......#
........#..........>[.##
.....#..#...........###
...........##.......#
........#..##.......##
.......##............#
.......##............#
.....<..#........#.###
.................###


You could see a hornet.

Vanquished Creatures
  2 two-headed ogres (D:8)
  A kobold demonologist (D:8)
  Sigmund (D:5)
  2 wyverns
  Menkaure (D:7)
  2 acid dragons (D:8)
  A water moccasin (D:8)
  2 orc warriors
  A necrophage (D:6)
  5 ogres
  A centaur (D:8)
  A kobold brigand (D:8)
  3 bullfrogs
  2 scorpions
  A gnoll sergeant (D:8)
  A wyvern zombie (D:5)
  A water moccasin skeleton (D:5)
  4 killer bees (D:8)
  7 wights
  3 howler monkeys
  A bullfrog zombie (D:7)
  2 centaur zombies
  3 hounds
  3 orc priests
  A gnoll shaman (D:5)
  A bullfrog skeleton (D:5)
  2 centaur skeletons
  6 iguanas
  7 orc wizards
  Ijyb (D:3)
  A killer bee zombie (D:7)
  A hound zombie (D:5)
  A howler monkey zombie (D:6)
  9 gnolls
  A howler monkey skeleton (D:7)
  6 adders
  An adder skeleton (D:4)
  An adder zombie (D:4)
  A worm (D:3)
  3 dart slugs
  22 orcs
  4 ball pythons
  4 bats
  7 endoplasms
  2 giant cockroaches
  9 goblins
  6 hobgoblins
  10 jackals
  18 kobolds
  4 quokkas
  5 frilled lizards
  24 rats
209 creatures vanquished.

Vanquished Creatures (collateral kills)
  An ugly thing (D:8)
  A wyvern (D:8)
  A howler monkey (D:8)
  A centaur zombie (D:8)
  3 gnolls (D:8)
7 creatures vanquished.

Vanquished Creatures (others)
  A sky beast (D:8)
  A goblin (D:1)
  A kobold (D:8)
  5 fungi (D:4)
  5 plants
13 creatures vanquished.

Grand Total: 229 creatures vanquished

Notes
Turn   | Place    | Note
-------+----------+-------------------------------------------
     0 | D:1      | Gabide the Barachi Hunter began the quest for the Orb.
     0 | D:1      | Reached XP level 1. HP: 17/17 MP: 1/1
   485 | D:1      | Found a faded altar of an unknown god.
   515 | D:1      | Reached XP level 2. HP: 23/23 MP: 2/2
   574 | D:1      | Reached skill level 3 in Fighting
   728 | D:1      | Reached XP level 3. HP: 29/29 MP: 3/3
  1013 | D:2      | Found an opulent altar of Gozag.
  1105 | D:2      | Became a worshipper of Gozag Ym Sagoz the Greedy
  1845 | D:2      | Reached XP level 4. HP: 33/37 MP: 4/4
  1905 | D:2      | Reached skill level 4 in Fighting
  2379 | D:3      | Reached skill level 5 in Crossbows
  2696 | D:3      | Noticed Ijyb
  2706 | D:3      | Killed Ijyb
  2707 | D:3      | Reached XP level 5. HP: 38/43 MP: 5/5
  3304 | D:4      | Noticed an ogre
  3314 | D:4      | Killed an ogre
  3315 | D:4      | Reached skill level 5 in Fighting
  3581 | D:3      | Reached XP level 6. HP: 6/51 MP: 6/6
  3583 | D:3      | Gained mutation: You are somewhat resistant to further
                  | mutation. [potion of mutation]
  3583 | D:3      | Gained mutation: You passively map a small area around you.
                  | [potion of mutation]
  4103 | D:4      | Identified the +6 dagger "Pasut" {antimagic, Will+ Str-3
                  | Int+2 Dex+4}
  4191 | D:4      | Reached skill level 6 in Fighting
  4456 | D:4      | Reached XP level 7. HP: 46/59 MP: 2/7
  5433 | D:4      | Reached skill level 7 in Fighting
  5707 | D:5      | Entered Level 5 of the Dungeon
  5904 | D:5      | Reached XP level 8. HP: 52/68 MP: 8/8
  6025 | D:5      | Noticed Sigmund
  6053 | D:5      | Killed Sigmund
  6054 | D:5      | Reached skill level 8 in Fighting
  6847 | D:5      | Identified the ring "Meekuf" {*Slow rC+ rN+ Str+2 Dex+6}
  6851 | D:5      | Reached skill level 9 in Fighting
  7649 | D:5      | Reached XP level 9. HP: 78/78 MP: 9/9
  7786 | D:6      | Reached skill level 10 in Fighting
  8278 | D:6      | Found a broken altar of Ashenzari.
  8330 | D:6      | Found a burning altar of Makhleb.
  8515 | D:7      | Noticed Menkaure
  8520 | D:7      | Killed Menkaure
  8717 | D:7      | Found Jarat's Magic Scroll Shop.
  8728 | D:7      | Bought a scroll of enchant armour for 105 gold pieces
  8728 | D:7      | Bought a scroll of teleportation for 42 gold pieces
  8728 | D:7      | Bought a scroll of magic mapping for 49 gold pieces
  8728 | D:7      | Bought a scroll of enchant weapon for 105 gold pieces
  8728 | D:7      | Bought a scroll of teleportation for 42 gold pieces
  9274 | D:7      | Reached skill level 11 in Fighting
  9396 | D:7      | Found a staircase to the Ecumenical Temple.
  9490 | D:7      | Reached skill level 10 in Crossbows
  9499 | D:8      | Found a staircase to the Lair.
  9741 | D:8      | Noticed a brown ugly thing
  9749 | D:8      | Noticed a two-headed ogre
  9758 | D:8      | Killed a brown ugly thing
  9766 | D:8      | Reached XP level 10. HP: 48/89 MP: 10/10
  9767 | D:8      | Reached skill level 12 in Fighting
  9787 | D:8      | Killed a two-headed ogre
 10362 | D:8      | HP: 4/90 [killer bee (5)]
 12480 | D:9      | Noticed a two-headed ogre
 12480 | D:9      | Noticed a kobold demonologist
 12490 | D:8      | Killed a kobold demonologist
 12515 | D:8      | Killed a two-headed ogre
 12516 | D:8      | Reached skill level 13 in Fighting
 12867 | D:9      | Paralysed by a hornet for 3 turns
 12877 | D:8      | Paralysed by a hornet for 2 turns
 12877 | D:8      | Slain by a hornet

Illustrated notes

Levels and vault maps discovered:
D:1:      roderic_octagonal_star, layout_loops_ring,
          dilly_ecumenical_altar_fadedgnrine, minmay_misc_feat_pillars,
          minmay_heptomino_l4
D:2:      layout_basic, basic_altar, corexii_item_surrounded_by_moat
D:3:      layout_basic, serial_bayou, serial_bayou_shore_b,
          serial_bayou_lagoon_a, serial_bayou_pond_b, serial_bayou_pond_d,
          minmay_rat_hole, uniq_ijyb
D:4:      minmay_chambers_of_fours, layout_basic, serial_aquarium,
          aquarium_bridge_square [aquarium_subvault_wall,
          aquarium_subvault_bridge, aquarium_subvault_wall,
          aquarium_subvault_wall], aquarium_window_2, aquarium_window_1,
          aquarium_window_1, aquarium_window_corridor_2, aquarium_view_2c,
          aquarium_view_2f, aquarium_balcony_3a, hangedman_decor_peaks_small
D:5:      layout_loops_corners, uniq_sigmund
D:6:      layout_rooms, mainiacjoe_overflow_brackets, makhleb_heckhound_becter
D:7:      layout_rooms, minmay_temple_entry_gardened_gates,
          serial_co_window_serial, co_window_paths_a, co_window_corner_a,
          co_window_paths_a, co_window_paths_a, co_window_paths_a,
          co_window_corner_ca, co_window_2corner, co_window_broadway_b,
          co_window_paths_d, co_window_paths_e, glass_columns_a,
          glass_columns_a, serial_shops, nicolae_stop_n_shop_2, uniq_menkaure
D:8:      layout_cave_pools, lair_entry_dummy, minmay_fractal_squares_5
D:9:      layout_roguey, erik_orc_3, uniq_psyche

Skill      XL: |  1  2  3  4  5  6  7  8  9 10 |
---------------+-------------------------------+-----
Fighting       | 3 4 5 6 7 9 11 13 | 13.3
Crossbows      | 5 6 7 8 10 11 | 11.8
Dodging        | |  2.1
Stealth        | |  0.8

Action                   |  1- 3 |  4- 6 |  7- 9 | 10-12 || total
-------------------------+-------+-------+-------+-------++-------
Melee: Short sword       |    90 |   120 |       |    17 ||   227
       Punch             |       |     1 |     3 |     1 ||     5
       Dagger            |       |    18 |    55 |     3 ||    76
       Whip              |       |       |   150 |    59 ||   209
 Fire: Hand crossbow     |       |    64 |   175 |    45 ||   284
Invok: Potion Petition   |       |       |       |     1 ||     1
 Abil: Hop               |       |     5 |    10 |     4 ||    19
Evoke: Wand              |       |     5 |    32 |    26 ||    63
  Use: Scroll            |       |     4 |     7 |     4 ||    15
       Potion            |       |     4 |     1 |     4 ||     9
 Stab: Sleeping          |     2 |       |     1 |       ||     3
Armor: Leather armour    |    27 |    54 |   100 |    49 ||   230
Dodge: Dodged            |    49 |    91 |   167 |   111 ||   418
